 Dungeon Crawl Stone Soup version 0.26-a0-450-ge645bd13c1 (webtiles) character file.

Game seed: 8481779635146328559

457 KristoblXynda the Chopper (level 7, -3/60 HPs)
             Began as a Naga Gladiator on July 27, 2020.
             Slain by KristoblXynda's ghost (9 damage)
             ... on level 3 of the Dungeon.
             The game lasted 00:05:14 (3447 turns).

KristoblXynda the Chopper (Naga Gladiator)          Turns: 3447, Time: 00:05:15

Health: -3/60      AC:  7    Str: 22    XL:     7   Next: 6%
Magic:  7/7        EV: 10    Int: 10    God:
Gold:   92         SH:  0    Dex: 13    Spells: 6/6 levels left

rFire    . . .     SeeInvis +   a - +0 war axe
rCold    + . .     Faith    .   (no shield)
rNeg     . . .     Spirit   .   o - +0 ring mail
rPois    +         Reflect  .   c - +0 helmet
rElec    .         Harm     .   (no cloak)
rCorr    .                      n - +0 pair of gloves
MR       .....                  (no barding)
Stlth    +.........             (no amulet)
HPRegen  0.20/turn              k - ring of protection from cold
MPRegen  0.10/turn              i - +6 ring of strength

@: very slow
A: large, see invisible, deformed body, poison resistance, slowness 2, spit
poison 1, AC +2
a: Spit Poison


You were on level 3 of the Dungeon.
You visited 1 branch of the dungeon, and saw 3 of its levels.

You collected 92 gold pieces.

Inventory:

Hand Weapons
 a - a +0 war axe (weapon)
Missiles
 d - 3 throwing nets (quivered)
Armour
 c - a +0 helmet (worn)
 e - a +0 scale mail
 n - a +0 pair of gloves (worn)
 o - a +0 ring mail (worn)
Jewellery
 i - a +6 ring of strength (right hand)
 k - a ring of protection from cold (left hand)
Wands
 p - a wand of paralysis (2)
Scrolls
 f - 2 scrolls of identify
 g - a scroll of random uselessness {unknown}
 h - 5 scrolls of enchant weapon
 l - 2 scrolls of fear {unknown}
 m - 2 scrolls of immolation
Potions
 b - a potion of cancellation
 j - 2 potions of flight


   Skills:
 - Level 2.0 Fighting
 + Level 5.4 Axes
 - Level 2.0 Throwing
 + Level 2.4 Armour
 + Level 3.8 Dodging
 + Level 2.6 Stealth


You had 6 spell levels left.
You didn't know any spells.
Your spell library was empty.

Dungeon Overview and Level Annotations

Branches:
Dungeon (3/15)

Altars:

Annotations:
D:3 KristoblXynda's ghost, amateur DrMo


Innate Abilities, Weirdness & Mutations

You cannot wear boots.
Your serpentine skin is tough. (AC +2)
You have supernaturally acute eyesight. (SInv)
Armour fits poorly on your strangely shaped body.
Your system is resistant to poisons. (rPois)
You cover ground very slowly.
You can spit poison.


Message History

KristoblXynda's ghost hits you.
* * * LOW HITPOINT WARNING * * *
You hit KristoblXynda's ghost.
KristoblXynda's ghost is lightly damaged.
KristoblXynda's ghost hits you but does no damage.
Your ring mail prevents you from hitting KristoblXynda's ghost.
KristoblXynda's ghost is lightly damaged.
KristoblXynda's ghost hits you.
* * * LOW HITPOINT WARNING * * *
You hit KristoblXynda's ghost.
KristoblXynda's ghost is lightly damaged.
You have got your breath back.
KristoblXynda's ghost closely misses you. x2
You hit KristoblXynda's ghost.
KristoblXynda's ghost is moderately damaged.
KristoblXynda's ghost barely misses you.
You miss KristoblXynda's ghost.
KristoblXynda's ghost is moderately damaged.
KristoblXynda's ghost hits you!
You die...

#........## #....†....#
####.........#
.............#
.............#
####.........#
#.........####
..######.#####.....
..........@W.......
########..#####.... .##
#....# .... ..# #....# ...
#.# #....# #.# ##..#.## #.#
#...#..##
#######.###.#.##..##########
.....##.#...#.###..........#


You could see KristoblXynda's ghost.

Vanquished Creatures
  Sigmund (D:2)
  A phantom (D:3)
  An orc wizard (D:3)
  2 orc priests (D:3)
  Robin (D:2)
  An adder (D:3)
  A gnoll (D:2)
  An adder skeleton (D:3)
  A worm (D:2)
  2 leopard geckos (D:1)
  6 orcs (D:3)
  2 giant cockroaches
  16 goblins
  15 hobgoblins
  4 jackals (D:2)
  2 quokkas
  A ball python (D:2)
  6 bats
  7 frilled lizards
  6 kobolds
  6 rats
83 creatures vanquished.

Notes
Turn   | Place    | Note
-------+----------+-------------------------------------------
     0 | D:1      | KristoblXynda the Naga Gladiator began the quest for the
                  | Orb.
     0 | D:1      | Reached XP level 1. HP: 19/19 MP: 1/1
   189 | D:1      | Reached XP level 2. HP: 26/26 MP: 2/2
  1090 | D:1      | Reached XP level 3. HP: 32/32 MP: 3/3
  1632 | D:2      | Noticed Sigmund
  1649 | D:2      | Killed Sigmund
  1649 | D:2      | Reached skill level 4 in Axes
  1649 | D:2      | Reached skill level 1 in Armour
  1649 | D:2      | Reached XP level 4. HP: 29/39 MP: 4/4
  1649 | D:2      | Reached XP level 5. HP: 34/45 MP: 5/5
  1884 | D:2      | Noticed Robin
  1898 | D:2      | Reached skill level 5 in Axes
  1906 | D:2      | Reached XP level 6. HP: 29/52 MP: 6/6
  1913 | D:2      | Killed Robin
  2369 | D:3      | Reached skill level 1 in Stealth
  2717 | D:3      | Noticed a phantom
  2858 | D:3      | Killed a phantom
  2858 | D:3      | Reached XP level 7. HP: 15/60 MP: 7/7
  3374 | D:3      | Found a runed translucent door.
  3375 | D:3      | Noticed KristoblXynda's ghost (amateur DrMo)
  3375 | D:3      | Noticed a yak
  3447 | D:3      | Slain by KristoblXynda's ghost

Illustrated notes

Levels and vault maps discovered:
D:1:      lightli_arrival_flooded_house, layout_loops_ring, item_on_display_a
D:2:      layout_basic, cheibrodos_gnoll_hut, uniq_robin, uniq_sigmund
D:3:      layout_rooms, ebering_ghost_inner_flame

Skill      XL: |  1  2  3  4  5  6 |
---------------+-------------------+-----
Throwing       | 2 |  2.0
Axes           | 4 5 |  5.4
Armour         | 1 2 |  2.4
Dodging        | 3 |  3.8
Stealth        | 2 |  2.6
Fighting       | |  2.0

Action                   |  1- 3 |  4- 6 |  7- 9 || total
-------------------------+-------+-------+-------++-------
Melee: War axe           |    96 |   124 |    34 ||   254
 Abil: Spit Poison       |     1 |     6 |     2 ||     9
  Use: Potion            |       |     3 |       ||     3
       Scroll            |       |     4 |     1 ||     5
Armor: Leather armour    |    23 |       |       ||    23
       Ring mail         |     3 |    77 |    27 ||   107
Dodge: Dodged            |    39 |    79 |    21 ||   139

Table legend: (Time is in decaauts)
 A = Elapsed time spent in this place.
 B = Non-inter-level travel time spent in this place.
 C = Inter-level travel time spent in this place.
 D = Time resting spent in this place.
 E = Time spent auto-exploring this place.
 F = Levels seen in this place.
 G = Mean time per level.
                   A        B        C        D        E       F      G
               +--------+--------+--------+--------+--------+-----+--------+
         Total |   4141 |   4055 |     86 |    968 |   2179 |   3 | 1380.3 |
       Dungeon |   4141 |   4055 |     86 |    968 |   2179 |   3 | 1380.3 |
               +--------+--------+--------+--------+--------+-----+--------+

Top non-repeatable levels by time:
     D:2: 1447 daAuts
     D:1: 1428 daAuts
     D:3: 1265 daAuts
